[Event "Betsys MČR v online bleskovém šachu 2021"]
[Site "Chess.com"]
[Date "2021.04.17"]
[Round "12"]
[White "Smetanka674"]
[Black "BetsysBetting"]
[Result "0-1"]
[WhiteElo "1770"]
[BlackElo "1999"]
[TimeControl "180+1"]
[EndTime "11:00:54 PDT"]
[Termination "Uživatel BetsysBetting zvítězil matem"]

1. d4 Nf6 2. c4 g6 3. Nc3 Bg7 4. Nf3 d6 5. e4 O-O 6. Be2 e5 7. O-O Nc6 8. d5 Ne7 9. b4 a5 10. b5 Nd7 11. Ba3 b6 12. Rc1 f5 13. Nd2 Nf6 14. f4 exf4 15. Rxf4 g5 16. Rf1 f4 17. Nf3 h6 18. Nd4 Ng6 19. Nc6 Qe8 20. Bd3 Ng4 21.
Qe2 N6e5 22. h3 Ne3 23. Rfe1 g4 24. hxg4 Bxg4 25. Qd2 N5xc4 26. Bxc4 Nxc4 27. Qd3 Nxa3 28. Na4 f3 29. Rf1 Qh5 30. Qxa3 Rae8 31. Rc3 Bxc3 32. Qxc3 fxg2 33. Rxf8+ Rxf8 34. Ne7+ Kh7 35. Nf5 Qh1+ 36.
Kf2 g1=Q# 0-1

[Event "Betsys MČR v online bleskovém šachu 2021"]
[Site "Chess.com"]
[Date "2021.04.17"]
[Round "12"]
[White "JJ95"]
[Black "DrDANDog"]
[Result "1-0"]
[WhiteElo "2019"]
[BlackElo "1797"]
[TimeControl "180+1"]
[EndTime "11:00:56 PDT"]
[Termination "Uživatel JJ95 zvítězil po vzdání soupeře"]

1. e4 Nf6 2. e5 Nd5 3. d4 d6 4.
Nf3 dxe5 5. dxe5 Bg4 6. Be2 e6 7. O-O Be7 8. h3 Bh5 9. c4 Nb4 10. Na3 O-O 11. Bf4 N8c6 12. Nb5 a6 13. Nc3 Bc5 14. a3 Bxf3 15. Bxf3 Nd3 16. Ne4 Bxf2+ 17. Nxf2 Nxf4 18. Re1 Nxe5 19. Rxe5 Qf6 20. Ng4 Qg6 21. Qd2 Nh5 22. Rg5 Rad8 23. Qe3 Qc2 24. Rxh5 g6 25. Rh4 Qd2 26. Nf6+ Kg7 27. Qxd2 Rxd2 28. Ne4 Rxb2 29. Nc5 b6 30. Nxa6 Ra8 31. Nxc7 Rc8 32. Nb5 Rxc4 33. Rxc4 Rxb5 34. Rac1 Rb3 35. R4c3 Rb2 36. Be4 f5 37. Bf3 Kf6 38. Rc6 Ke5 39. Re1+ Kf4 40. Rcxe6 Kg3 41.
Rc6 Kf4 42. Rc4+ Kg5 43. Rc7 h6 44. Rc6 b5 45. h4+ Kf4 46. Rxg6 Rb3 47. Rxh6 Rxa3 48.
Rb6 Rb3 49. Rd1 Kg3 50. Rg6+ Kxh4 51. Rd4+ 1-0

[Event "Betsys MČR v online bleskovém šachu 2021"]
[Site "Chess.com"]
[Date "2021.04.17"]
[Round "12"]
[White "Asmodai5"]
[Black "viklan"]
[Result "0-1"]
[WhiteElo "1346"]
[BlackElo "1589"]
[TimeControl "180+1"]
[EndTime "11:00:56 PDT"]
[Termination "Uživatel viklan zvítězil na čas"]

1. e4 c5 2. Nf3 d6 3. d4 cxd4 4. Nxd4 Nf6 5. Nc3 a6 6. Bd3 Qb6 7. Be3 Ng4 8. Na4 Qa5+ 9. Bd2 Qxa4 10. O-O Qd7 11. Qf3 Ne5 12. Qg3 Nbc6 13. Nxc6 bxc6 14. Bc3 Nxd3 15. cxd3 Qg4 16. Qe3 e5 17. Qb6 Qd7 18.
Rac1 Qb7 19. Qe3 Be7 20. Qg3 O-O 21. Bd2 Qd7 22. Bh6 Qg4 23. Qxg4 Bxg4 24. Be3 c5 25. b3 Be2 26. Rfe1 Bxd3 27. f3 Bb5 28. Red1 g6 29. Rd2 f5 30. h3 fxe4 31. fxe4 Bc6 32. Rc4 Bb5 33. Rc1 Rf7 34. Kh2 Raf8 35. Bg1 Rf1 36. Rxf1 Rxf1 37. Be3 Re1 0-1

[Event "Betsys MČR v online bleskovém šachu 2021"]
[Site "Chess.com"]
[Date "2021.04.17"]
[Round "12"]
[White "fera_v"]
[Black "Evca64"]
[Result "1/2-1/2"]
[WhiteElo "2230"]
[BlackElo "2083"]
[TimeControl "180+1"]
[EndTime "11:00:59 PDT"]
[Termination "Remíza opakováním pozice"]

1. e4 c6 2. d4 d5 3. Nc3 dxe4 4.
Nxe4 Bf5 5. Ng3 Bg6 6. Nh3 e6 7.
Nf4 Bd6 8. h4 Qc7 9. Ngh5 Bxh5 10. Nxh5 g6 11. Qg4 f5 12. Qe2 gxh5 13. Bg5 Qf7 14.
O-O-O Ne7 15. Qf3 Nd7 16. Bc4 Nb6 17. Bb3 Kd7 18. Rhe1 Nbd5 19. c4 h6 20. cxd5 Nxd5 21. Bxd5 exd5 22. Bf4 Rae8 23. Bxd6 Kxd6 24. Qf4+ Kd7 25.
Re5 Rxe5 26. dxe5 Qe6 27. Re1 Rg8 28. Qb4 b6 29. g3 Rg4 30. Qa3 a5 31. Qf8 Qe7 32.
Qxh6 Qe6 33. Qh7+ Kd8 34. Qxh5 Re4 35. Qh8+ Kd7 36. Qg7+ Kd8 37. Rxe4 dxe4 38. h5 Qc4+ 39. Kd1 Qf1+ 40. Kc2 Qxf2+ 41. Kc3 Qe3+ 42. Kc2 Qe2+ 43. Kc1 Qe1+ 44. Kc2 Qe2+ 45. Kc1 Qe1+ 46. Kc2 Qe2+ 1/2-1/2

[Event "Betsys MČR v online bleskovém šachu 2021"]
[Site "Chess.com"]
[Date "2021.04.17"]
[Round "12"]
[White "Tynano"]
[Black "5265"]
[Result "1-0"]
[WhiteElo "1976"]
[BlackElo "1662"]
[TimeControl "180+1"]
[EndTime "11:00:59 PDT"]
[Termination "Uživatel Tynano zvítězil po vzdání soupeře"]

1. e4 e5 2. Nf3 Nc6 3. Bb5 f5 4. d4 fxe4 5. Nxe5 Nxe5 6. dxe5 c6 7. Nc3 cxb5 8. Nxe4 d5 9. exd6 Qa5+ 10. c3 Bd7 11. Qh5+ Kd8 12. Bg5+ Kc8 13. b4 Qb6 14. Rd1 Qc6 15. Qf3 Nf6 16. Bxf6 gxf6 17. Qf4 f5 18. Nc5 b6 19. Nxd7 Qxc3+ 20. Kf1 Qc4+ 21. Qxc4+ bxc4 22. Ne5 Rg8 23. d7+ Kd8 24. Nc6+ Kc7 25. d8=Q+ Rxd8 26. Nxd8 Bxb4 27. Ne6+ Kb7 28. g3 Re8 29. Nd4 c3 30. Kg2 Rc8 31. Nxf5 c2 32. Rd7+ Kc6 33. Rxh7 Kb5 34.
Nd4+ Ka4 35. Nxc2 Rxc2 36. Rxa7+ Kb5 37. Rb1 Kc5 38. a3 Be1 39. Rc7+ Kd6 40. Rxc2 1-0

[Event "Betsys MČR v online bleskovém šachu 2021"]
[Site "Chess.com"]
[Date "2021.04.17"]
[Round "12"]
[White "PetrSoucek"]
[Black "RousekJan"]
[Result "1/2-1/2"]
[WhiteElo "2006"]
[BlackElo "1817"]
[TimeControl "180+1"]
[EndTime "11:00:59 PDT"]
[Termination "Remíza opakováním pozice"]

1. d4 d5 2. Bf4 Nc6 3. e3 Nf6 4. c4 e6 5. Nc3 Bd6 6. Bxd6 cxd6 7. cxd5 Nxd5 8. Nxd5 exd5 9. Nf3 Be6 10. Bd3 h6 11.
O-O O-O 12. h3 a6 13. Rc1 Rc8 14. Qb3 Na5 15. Qb4 Rb8 16. b3 Nc6 17. Qa4 Qa5 18. Qxa5 Nxa5 19. Rc2 Rfc8 20. Rfc1 Rxc2 21. Rxc2 Nc6 22.
a3 Na5 23. Rc3 Rc8 24. Rxc8+ Bxc8 25. Bc2 Nc6 26. Kf1 b6 27. Ng1 a5 28. Ne2 Ba6 29. Ke1 Bxe2 30. Kxe2 Kf8 31. Kd3 Ke7 32. Bd1 f6 33. f4 g5 34. f5 Kd7 35. Bf3 Ne7 36.
g4 Kc6 37. Kc3 b5 38. Bg2 Kb6 39. Bf1 Kc6 40. Bd3 Kb6 41. Bf1 Kc6 42. Bg2 Kb6 43. Bf3 Kc6 44. e4 dxe4 45. Bxe4+ d5 46. Bd3 Kb6 47. Bf1 Kc6 48. Bg2 Kb6 49. Bf1 Kc6 50. Bg2 Kb6 51. Bf1 1/2-1/2

[Event "Betsys MČR v online bleskovém šachu 2021"]
[Site "Chess.com"]
[Date "2021.04.17"]
[Round "12"]
[White "Hanicka1517"]
[Black "Toman_26"]
[Result "1-0"]
[WhiteElo "1599"]
[BlackElo "1078"]
[TimeControl "180+1"]
[EndTime "11:00:59 PDT"]
[Termination "Uživatel Hanicka1517 zvítězil po vzdání soupeře"]

1. d4 Nf6 2. Nf3 e6 3. g3 d5 4. Bg2 Be7 5. O-O O-O 6. Nbd2 Nbd7 7. c4 b6 8. cxd5 Nxd5 9. a3 Bb7 10. Qc2 Rc8 11.
e4 N5f6 12. e5 Nd5 13. Ne4 c5 14. dxc5 Nxc5 15. Nxc5 Rxc5 16. Qd3 Qc7 17. b4 Rc6 18.
Bb2 Rd8 19. Qb3 h6 20. Rac1 Rxc1 21. Rxc1 Qd7 22. Rd1 Qb5 23. Qc2 Rc8 24. Qb3 Qc4 25. Qxc4 Rxc4 26. Rc1 Rxc1+ 27. Bxc1 Nc3 28. Nd4 Bxg2 29.
Kxg2 Kf8 30. Nc6 a6 31. Nb8 a5 32. bxa5 bxa5 33. Nc6 a4 34. Nxe7 Kxe7 35. Bd2 Kd7 36. Bxc3 Kc6 37. Bb4 g6 38. f4 h5 39. Kf3 Kd5 40. Ke3 Kc4 41. Ke4 Kb3 42. h3 Kc4 43.
g4 hxg4 44. hxg4 Kb5 45. f5 gxf5+ 46. gxf5 Kc6 47. f6 Kd7 48. Kd4 Kc6 49. Kc4 Kb6 50. Bd6 Ka5 51. Kc5 Ka6 52. Kb4 Kb6 53. Kxa4 Ka6 54.
Kb4 Kb6 55. a4 Ka6 56. a5 Kb7 57. Kb5 Ka7 58. a6 Ka8 59. Be7 Kb8 60. Kc6 Kc8 61. Kd6 Kb8 62. Bd8 Kc8 63. a7 Kb7 64. Ke7 Kxa7 65. Kxf7 1-0

[Event "Betsys MČR v online bleskovém šachu 2021"]
[Site "Chess.com"]
[Date "2021.04.17"]
[Round "12"]
[White "marecek1754"]
[Black "Cimrman"]
[Result "1-0"]
[WhiteElo "2195"]
[BlackElo "2321"]
[TimeControl "180+1"]
[EndTime "11:01:01 PDT"]
[Termination "Uživatel marecek1754 zvítězil po vzdání soupeře"]

1. e4 c6 2. d4 d5 3. exd5 cxd5 4.
Bd3 Nc6 5. c3 Qc7 6. Nf3 Bg4 7.
O-O Nf6 8. h3 Bxf3 9. Qxf3 e6 10. Bf4 Bd6 11. Bxd6 Qxd6 12. Nd2 O-O 13. Qe3 Rab8 14.
Nf3 b5 15. Ne5 Nd7 16. f4 b4 17. Nxc6 Qxc6 18. f5 exf5 19. Bxf5 g6 20. Bc2 bxc3 21. bxc3 Rbe8 22. Qf3 Nb6 23. Bb3 a5 24. Rae1 Rxe1 25. Rxe1 a4 26. Bc2 a3 27. Re5 f6 28.
Re7 Nc4 29. Bb3 Qd6 30. Ra7 Rd8 31. Bxc4 dxc4 32. Qb7 Rd7 33. Qxd7 Qxd7 34. Rxd7 Kf8 35. Rc7 Ke8 36. Rxc4 1-0

[Event "Betsys MČR v online bleskovém šachu 2021"]
[Site "Chess.com"]
[Date "2021.04.17"]
[Round "12"]
[White "czlolcz"]
[Black "MichalTrhal"]
[Result "1-0"]
[WhiteElo "2195"]
[BlackElo "1949"]
[TimeControl "180+1"]
[EndTime "11:01:02 PDT"]
[Termination "Uživatel czlolcz zvítězil po vzdání soupeře"]

1. d4 Nf6 2. c4 c5 3. d5 b5 4. cxb5 a6 5. f3 d6 6. e4 g6 7. Nc3 Bg7 8. Bc4 O-O 9. Nge2 Nh5 10. O-O axb5 11. Nxb5 Nd7 12. Nec3 Nb6 13. b3 Bd7 14. Qd3 Nxc4 15. bxc4 Qb6 16. Rb1 Rfb8 17. Bg5 Kf8 18. g4 Nf6 19. Bf4 Qa5 20. a4 Kg8 21. Kg2 Be8 22. e5 Bxb5 23. axb5 Ne8 24. Ra1 Qxa1 25. Rxa1 Rxa1 26. exd6 Nxd6 27. Ne4 Ra2+ 28.
Kg3 Nxe4+ 29. Qxe4 Re8 30. b6 Rb2 31. Bc7 Rb4 32. f4 Bd4 33. d6 Rb3+ 34. Kg2 Rb2+ 35.
Kf1 Ra8 36. Qxa8+ 1-0

[Event "Betsys MČR v online bleskovém šachu 2021"]
[Site "Chess.com"]
[Date "2021.04.17"]
[Round "12"]
[White "rakintsev"]
[Black "OndrejBorkovec"]
[Result "1-0"]
[WhiteElo "1730"]
[BlackElo "1511"]
[TimeControl "180+1"]
[EndTime "11:01:02 PDT"]
[Termination "Uživatel rakintsev zvítězil matem"]

1. e4 e6 2. Nf3 c5 3. Bc4 d5 4. exd5 exd5 5. Bb3 Nc6 6. O-O Nf6 7. d3 Be7 8. Bg5 O-O 9. Nbd2 h6 10. Bh4 Bg4 11. Qc1 Na5 12. Ne5 Nxb3 13. axb3 Bf5 14. Bg3 Re8 15. Qd1 a6 16. h3 Bf8 17. Ra4 g6 18.
Nef3 Bg7 19. Rf4 Nh5 20. Ra4 Bd7 21. Qc1 Bxa4 22. bxa4 Nxg3 23. fxg3 Qd6 24. Kh2 Re2 25. Qd1 Rae8 26. Nh4 R8e3 27. Ndf3 Bxb2 28. Qb1 Bg7 29.
Qxb7 Re7 30. Qc8+ Kh7 31. Qg4 Rxc2 32. d4 f5 33. Nxf5 gxf5 34. Qxf5+ Kg8 35. Qxc2 Bxd4 36. Nxd4 cxd4 37. Qc8+ Kh7 38. Qf8 Rg7 39. Qxd6 d3 40. Qxd5 d2 41. Qxd2 Kh8 42. Qd8+ Kh7 43. Rf8 a5 44.
Rh8+ Kg6 45. Qd6+ Kh5 46. Rxh6+ Kg5 47. Qf6# 1-0

[Event "Betsys MČR v online bleskovém šachu 2021"]
[Site "Chess.com"]
[Date "2021.04.17"]
[Round "12"]
[White "youhy"]
[Black "dino5517"]
[Result "1-0"]
[WhiteElo "1747"]
[BlackElo "1390"]
[TimeControl "180+1"]
[EndTime "11:01:02 PDT"]
[Termination "Uživatel youhy zvítězil po vzdání soupeře"]

1. e4 e5 2. Nf3 Nf6 3. Nxe5 Nc6 4. Nxc6 dxc6 5. e5 Ng4 6. d4 Be6 7. h3 Nh6 8. Bxh6 gxh6 9. Nc3 Qg5 10. Ne4 Qf5 11. Nf6+ Ke7 12. Bd3 Qg5 13. Qf3 Bg7 14. Ne4 Qf5 15. Qxf5 Bxf5 16. O-O-O h5 17. Rhg1 Bh6+ 18.
Kb1 Rad8 19. c3 b5 20. g4 hxg4 21. hxg4 Bg6 22. g5 Bg7 23. Nf6 b4 24. Kc2 bxc3 25.
bxc3 Bxd3+ 26. Rxd3 h6 27. Rdg3 hxg5 28. Ne4 Bh6 29.
Nxg5 f6 30. exf6+ Kxf6 31. Rf3+ Kg6 32. Nf7+ Kh7 33. Nxh8 Rxh8 34. Rf7+ Bg7 35. Rfxg7+ Kh6 36. R7g6+ Kh5 37. Rh1+ Kxg6 38. Rxh8 Kf5 39. Rc8 Ke6 40. Rxc7 Kd6 41. Rxa7 Kd5 42. f4 Kd6 43. f5 Kd5 44. f6 Kd6 45. f7 Kd5 46. f8=Q 1-0

[Event "Betsys MČR v online bleskovém šachu 2021"]
[Site "Chess.com"]
[Date "2021.04.17"]
[Round "12"]
[White "Nimrod64"]
[Black "CZMaster666"]
[Result "1-0"]
[WhiteElo "2238"]
[BlackElo "1914"]
[TimeControl "180+1"]
[EndTime "11:01:05 PDT"]
[Termination "Uživatel Nimrod64 zvítězil matem"]

1. d4 d5 2. Nf3 c6 3. c4 e6 4. Qc2 Bd6 5. g3 Nf6 6. Bg2 Nbd7 7. O-O O-O 8. Nbd2 Re8 9. e3 e5 10. dxe5 Nxe5 11. Nxe5 Bxe5 12. Nf3 Bc7 13. Rd1 Qe7 14. cxd5 Nxd5 15. a3 Bg4 16. h3 Bh5 17. Qc4 Rad8 18. Bd2 Rd7 19. Re1 Red8 20. Bb4 Nxb4 21. axb4 Bxf3 22.
Bxf3 Rd2 23. Rxa7 Qf6 24. Kg2 Qxb2 25. Re2 Rxe2 26. Bxe2 Qf6 27. Rxb7 Qd6 28. Bf3 Qe5 29.
Qxc6 Bb8 30. Qc4 Qf6 31. b5 g6 32. Bd5 Rf8 33. b6 Qb2 34. Rxf7 Rxf7 35. Bxf7+ Kf8 36.
Qe6 Qb5 37. Bg8 Kg7 38. Qf7+ Kh6 39. Qxh7+ Kg5 40. h4+ Kf5 41. Qf7+ Ke5 42. Qe6# 1-0

[Event "Betsys MČR v online bleskovém šachu 2021"]
[Site "Chess.com"]
[Date "2021.04.17"]
[Round "12"]
[White "KarelZalesky"]
[Black "veronikam"]
[Result "0-1"]
[WhiteElo "1726"]
[BlackElo "1687"]
[TimeControl "180+1"]
[EndTime "11:01:06 PDT"]
[Termination "Uživatel veronikam zvítězil na čas"]

1. e4 e5 2. Nf3 Nc6 3. Bb5 a6 4.
Bxc6 bxc6 5. O-O d6 6. Nc3 Bg4 7. h3 Bh5 8. d3 Nf6 9. Bg5 Be7 10. g4 Bg6 11. Qd2 h6 12. Be3 Qd7 13. Nh2 O-O-O 14.
Kg2 h5 15. g5 Nh7 16. f4 exf4 17. Bxf4 f6 18. h4 Nf8 19. Rf2 Ne6 20. Be3 fxg5 21.
hxg5 Rhf8 22. Raf1 Rde8 23. Rxf8 Rxf8 24. Rxf8+ Nxf8 25. Ne2 d5 26. Nf4 Bd6 27. exd5 Bxf4 28. Bxf4 Qxd5+ 29. Kg1 Ne6 30. Be3 c5 31. b3 Qd6 32.
Qf2 Kd7 33. Qf3 Qc6 34. Qxc6+ Kxc6 35. Nf3 Kd5 36. c4+ Kd6 37. d4 cxd4 38. Nxd4 Bb1 39. a3 Ba2 40. Nxe6 Kxe6 41. b4 Bxc4 42. Kh2 Kf5 43. Kg3 Ke4 0-1

[Event "Betsys MČR v online bleskovém šachu 2021"]
[Site "Chess.com"]
[Date "2021.04.17"]
[Round "12"]
[White "bezzuton"]
[Black "Staci_fiknout_Navara_Plat"]
[Result "1-0"]
[WhiteElo "1596"]
[BlackElo "1864"]
[TimeControl "180+1"]
[EndTime "11:01:07 PDT"]
[Termination "Uživatel bezzuton zvítězil na čas"]

1. d4 c5 2. dxc5 e6 3. Bf4 Bxc5 4. Bd6 Bxd6 5. Qxd6 Qe7 6. Qxe7+ Nxe7 7. Nc3 a6 8.
Ne4 d5 9. Nd6+ Kd7 10. Nxf7 Rf8 11. Ng5 h6 12. N5f3 Nbc6 13. e3 b5 14. Rd1 Bb7 15. Bd3 Nb4 16. a3 Nbc6 17. Ne2 Rac8 18. e4 Na5 19.
exd5 Bxd5 20. Be4 Ke8 21. Bxd5 Nxd5 22. Ned4 Rf6 23. O-O Nb6 24. Rfe1 Ke7 25. b3 Nd7 26. Ne5 Nxe5 27. Rxe5 Rd8 28. Ree1 Rd6 29. g4 Nb7 30. Nf5+ Kd7 31. Nxd6 Nxd6 32. Rd2 Ke7 33.
Kg2 g5 34. f3 Nf7 35. Re3 e5 36. Rc3 1-0

[Event "Betsys MČR v online bleskovém šachu 2021"]
[Site "Chess.com"]
[Date "2021.04.17"]
[Round "12"]
[White "Federer302"]
[Black "valid88"]
[Result "1-0"]
[WhiteElo "1587"]
[BlackElo "1364"]
[TimeControl "180+1"]
[EndTime "11:01:07 PDT"]
[Termination "Uživatel Federer302 zvítězil na čas"]

1. e4 c6 2. Nf3 d5 3. exd5 cxd5 4. d4 Bg4 5. Bb5+ Nc6 6. O-O a6 7. Bxc6+ bxc6 8. h3 Bh5 9. c3 e6 10. Qa4 Qc7 11. Ne5 Ne7 12. Bf4 Qc8 13. Re1 f6 14. Nd3 g5 15. Bg3 Bg6 16. Nc5 Bf7 17. Nd2 Nf5 18. Bh2 Bxc5 19. dxc5 O-O 20. Qg4 h5 21. Qf3 Qd8 22. Bd6 Re8 23. b4 Nh4 24. Qd3 Kg7 25.
Bg3 Nf5 26. Nf3 Bg6 27. Qd2 Nxg3 28. fxg3 Qc7 29. Qf2 e5 30. Rad1 e4 31. Nd2 f5 32.
c4 dxc4 33. Nxc4 Kh6 34. Nd6 1-0

[Event "Betsys MČR v online bleskovém šachu 2021"]
[Site "Chess.com"]
[Date "2021.04.17"]
[Round "12"]
[White "HonzaRubes95"]
[Black "TerezaRodshtein"]
[Result "1/2-1/2"]
[WhiteElo "2459"]
[BlackElo "2189"]
[TimeControl "180+1"]
[EndTime "11:01:09 PDT"]
[Termination "Remíza patem"]

1. Nf3 d5 2. c4 c6 3. e3 Nf6 4. Nc3 e6 5. b3 Be7 6. Bb2 Nbd7 7. Qc2 b6 8. g4 h6 9. Rg1 Bb7 10. Be2 c5 11. O-O-O Ne4 12. Nxe4 dxe4 13. Ne5 Nxe5 14. Bxe5 Bf6 15. Qc3 Bxe5 16. Qxe5 Qf6 17. Qxf6 gxf6 18.
d4 exd3 19. Rxd3 Ke7 20. Rgd1 Rhd8 21. Rxd8 Rxd8 22. Rxd8 Kxd8 23. Kd2 Ke7 24. f3 Kd6 25. Kd3 Ke5 26. h4 f5 27. f4+ Kf6 28. g5+ hxg5 29. fxg5+ Kg6 30. Kc3 e5 31. b4 f4 32. exf4 exf4 33.
bxc5 bxc5 34. Kd3 f3 35. Bf1 Kh5 36. Ke3 Kxh4 37. Kf4 f2 38. a3 Bc6 39. Kf5 Kg3 40. Kf6 Bg2 41. Bd3 f1=Q+ 42. Bxf1 Bxf1 43. Kxf7 Bxc4+ 44. Kf6 Bd3 45. Ke5 c4 46. Kd4 Kh4 47. g6 Bxg6 48. Kxc4 Kg5 49. Kc3 Kf6 50. Kb2 Ke5 51.
Ka1 Kd4 52. a4 Kc4 53. a5 Kb5 54. a6 Kxa6 55. Kb2 Kb5 56. Ka1 a5 57. Kb2 a4 58.
Ka1 Kb4 59. Kb2 a3+ 60. Ka1 Kb3 1/2-1/2

[Event "Betsys MČR v online bleskovém šachu 2021"]
[Site "Chess.com"]
[Date "2021.04.17"]
[Round "12"]
[White "Jakuboss22005"]
[Black "Petroniuss"]
[Result "1-0"]
[WhiteElo "2090"]
[BlackElo "2196"]
[TimeControl "180+1"]
[EndTime "11:01:09 PDT"]
[Termination "Uživatel Jakuboss22005 zvítězil na čas"]

1. b3 e5 2. Bb2 d6 3. e3 Nd7 4. c4 Ngf6 5. Nc3 g6 6. Be2 Bg7 7. h4 h5 8. Nh3 O-O 9. Ng5 Nc5 10.
Qc2 Ne6 11. O-O-O c6 12. Bf3 Nxg5 13. hxg5 Nh7 14. Ne4 d5 15. Nf6+ Nxf6 16. gxf6 Bxf6 17. Bxh5 gxh5 18. Rxh5 e4 19. Rdh1 Bg4 20. Rh8+ Kg7 21. R8h7+ Kg8 22. Rh8+ Kg7 23. R1h7+ Kg6 24. Rh6+ Kg7 25.
Bxf6+ Qxf6 26. Rxf6 Rxh8 27. Qc3 Kg8 28. f3 exf3 29. gxf3 Bh5 30. Kb2 Bg6 31. Rf4 Rh1 32.
Rg4 Kh7 33. f4 1-0

[Event "Betsys MČR v online bleskovém šachu 2021"]
[Site "Chess.com"]
[Date "2021.04.17"]
[Round "12"]
[White "Danyjel"]
[Black "matej-c"]
[Result "0-1"]
[WhiteElo "1694"]
[BlackElo "1943"]
[TimeControl "180+1"]
[EndTime "11:01:09 PDT"]
[Termination "Uživatel matej-c zvítězil na čas"]

1. e4 c6 2. d4 d5 3. exd5 cxd5 4.
c4 Nf6 5. Nc3 g6 6. Nf3 Bg7 7.
h3 O-O 8. Be3 Nc6 9. c5 Ne4 10.
Be2 Nxc3 11. bxc3 e5 12. O-O e4 13. Nd2 f5 14. Bf4 g5 15. Bd6 Re8 16. Bh5 Re6 17. Qc2 Rh6 18. Be2 f4 19. Bg4 Bxg4 20. hxg4 Qd7 21.
Qb3 Qxg4 22. Qxd5+ Kh8 23. Nxe4 Qh4 24. f3 Re8 25. Qxg5 Qh2+ 26. Kf2 Rg6 27. Qxf4 Rxg2+ 28. Ke1 Re2+ 29. Kd1 Qg2 30. Re1 Rxe1+ 31. Kxe1 Qg1+ 32.
Ke2 Qxa1 33. Qf7 Qb2+ 34. Kd3 Qb1+ 0-1

[Event "Betsys MČR v online bleskovém šachu 2021"]
[Site "Chess.com"]
[Date "2021.04.17"]
[Round "12"]
[White "LiborRojar"]
[Black "KatkaZ"]
[Result "1/2-1/2"]
[WhiteElo "2065"]
[BlackElo "1852"]
[TimeControl "180+1"]
[EndTime "11:01:10 PDT"]
[Termination "Remíza dohodou"]

1. e4 c5 2. c3 e6 3. d4 d5 4.
e5 cxd4 5. cxd4 a6 6. Nf3 Nc6 7. Bd3 Nge7 8. O-O Ng6 9. Nc3 b5 10. a3 Be7 11. Re1 O-O 12. Be3 b4 13. Ne2 bxa3 14. bxa3 Bd7 15. g3 Qa5 16. h4 Rfb8 17. h5 Nf8 18. h6 g6 19. Bg5 Qd8 20. Bxe7 Qxe7 21. Qd2 Rb3 22. Nh2 Rxa3 23. Rxa3 Qxa3 24. Ng4 Qe7 25. Rb1 Be8 26. Nf6+ Kh8 27. Rb6 a5 28.
Qc3 Nb4 29. Bb1 Nd7 30. Rb7 Qf8 31. Nxd7 Bxd7 32. Rxd7 Qxh6 33. Nf4 Rf8 34. Qc5 Qg5 35.
Qxa5 Nc6 36. Qc7 Nxd4 37. Bd3 Nf3+ 38. Kg2 Ne1+ 39. Kg1 Nxd3 40. Nxd3 Qf5 41. Nf4 Qb1+ 42. Kg2 Qe4+ 43. Kg1 Qf5 44. Ne2 h5 45. Nd4 Qb1+ 46. Kg2 Qe4+ 47. Nf3 g5 48. Rxf7 Rxf7 49. Qxf7 g4 50.
Qxh5+ Kg7 51. Qg5+ Kf7 52. Qf6+ Kg8 53. Qf4 gxf3+ 54.
Qxf3 Qxe5 55. Qg4+ Kf7 1/2-1/2

[Event "Betsys MČR v online bleskovém šachu 2021"]
[Site "Chess.com"]
[Date "2021.04.17"]
[Round "12"]
[White "domecek"]
[Black "Devasales"]
[Result "0-1"]
[WhiteElo "1957"]
[BlackElo "1844"]
[TimeControl "180+1"]
[EndTime "11:01:10 PDT"]
[Termination "Uživatel Devasales zvítězil na čas"]

1. d4 d5 2. Nf3 Nf6 3. g3 e6 4. Bg2 c5 5. e3 Nc6 6. O-O cxd4 7.
exd4 Be7 8. b3 O-O 9. Bb2 Bd7 10. Nbd2 b5 11. Qe2 a6 12. Rfd1 Qc7 13. c4 bxc4 14. bxc4 Rab8 15. Rab1 Bb4 16. c5 Ba5 17. Nb3 Ne4 18. Qxa6 Ra8 19. Qe2 Rfb8 20. Nxa5 Nxa5 21. Qc2 Nc4 22. Bc1 Ba4 23. Rb3 Bxb3 24. axb3 Na5 25. Rd3 Nc6 26. Ne1 Nb4 27. Qe2 Nxd3 28.
Qxd3 Qb7 29. Bf4 Rc8 30. Nc2 Ra3 31. f3 Rxb3 32. Qe2 Rb1+ 33. Bf1 Nc3 34. Qd3 Nd1 0-1

[Event "Betsys MČR v online bleskovém šachu 2021"]
[Site "Chess.com"]
[Date "2021.04.17"]
[Round "12"]
[White "karimaster100"]
[Black "VitaRasik"]
[Result "1-0"]
[WhiteElo "2340"]
[BlackElo "2616"]
[TimeControl "180+1"]
[EndTime "11:01:12 PDT"]
[Termination "Uživatel karimaster100 zvítězil na čas"]

1. Nf3 g6 2. g3 Bg7 3. d4 Nf6 4. Bg2 O-O 5. O-O d6 6. c4 Nc6 7. Nc3 e5 8. d5 Nb8 9. e4 a5 10. Ne1 Na6 11. Nd3 Nd7 12. b3 f5 13. Rb1 Nac5 14. Nxc5 Nxc5 15. Be3 b6 16. a3 fxe4 17.
b4 axb4 18. axb4 Nd7 19. Nxe4 Nf6 20. Ng5 Qe7 21. c5 Bf5 22. Rc1 bxc5 23. bxc5 h6 24. Ne6 Bxe6 25. dxe6 e4 26. cxd6 cxd6 27. Qd2 Qxe6 28.
Bxh6 Ra2 29. Bh3 Qf7 30. Qe3 Nd5 31. Qxe4 Re8 32. Qh4 Bxh6 33. Qxh6 Nf6 34. Qf4 d5 35.
Rc6 Ne4 36. Qh6 Nf6 37. Qg5 Kg7 38. Rfc1 Rxf2 39. Rc7 1-0

[Event "Betsys MČR v online bleskovém šachu 2021"]
[Site "Chess.com"]
[Date "2021.04.17"]
[Round "12"]
[White "dnovotny"]
[Black "jonasstach"]
[Result "1-0"]
[WhiteElo "1735"]
[BlackElo "1979"]
[TimeControl "180+1"]
[EndTime "11:01:12 PDT"]
[Termination "Uživatel dnovotny zvítězil na čas"]

1. e4 e6 2. d4 d5 3. exd5 exd5 4. Nf3 Nf6 5. Bg5 Be7 6. Bd3 O-O 7. h3 c5 8. dxc5 Bxc5 9. Nc3 Be6 10. O-O Nbd7 11.
Re1 Qb6 12. Qd2 Bb4 13. a3 Bd6 14. Na4 Qc7 15. Nd4 Rae8 16. Nb5 Qb8 17. Nxd6 Qxd6 18.
Bf4 Qc6 19. Nc3 a6 20. b4 Rc8 21. Ne2 Ne4 22. Bxe4 dxe4 23. Nd4 Qd5 24. Nxe6 Qxe6 25. Rad1 Nf6 26. c3 Qc4 27. Be5 Rfe8 28. Bxf6 gxf6 29. Qh6 Qxc3 30. Re3 Qxe3 31. fxe3 Re6 32. Rd7 Rc1+ 33. Kh2 f5 34. Rd8+ 1-0

[Event "Betsys MČR v online bleskovém šachu 2021"]
[Site "Chess.com"]
[Date "2021.04.17"]
[Round "12"]
[White "marfuss"]
[Black "CzechMerlin"]
[Result "1-0"]
[WhiteElo "1952"]
[BlackElo "1659"]
[TimeControl "180+1"]
[EndTime "11:01:12 PDT"]
[Termination "Uživatel marfuss zvítězil matem"]

1. d4 f5 2. Bf4 Nf6 3. e3 h6 4. h4 d6 5. Nf3 Nc6 6. c4 e6 7. Nc3 Qe7 8. Be2 Bd7 9. Qc2 O-O-O 10. O-O-O Ng4 11. Bg3 e5 12. dxe5 dxe5 13. Nd5 Qe6 14.
Rd2 Bd6 15. Rhd1 f4 16. exf4 exf4 17. Bxf4 Nxf2 18. Bxd6 Nxd1 19. Bxc7 Ne3 20. Nxe3 Kxc7 21. Nd5+ Kb8 22. Bd3 Rhf8 23. Re2 Qd6 24. Qc3 Rde8 25. Qxg7 Rxe2 26. Bxe2 Be6 27. Nc3 Rd8 28. Qxh6 Nb4 29. Qe3 Nd3+ 30. Bxd3 Qxd3 31. Qxe6 Qf1+ 32. Kc2 Qf2+ 33.
Kb3 Qxg2 34. Qe5+ Ka8 35. Nd4 Qg8 36. Ndb5 Rc8 37. Nc7+ Kb8 38. Na6+ Ka8 39. Qb8+ Rxb8 40.
Nc7# 1-0

[Event "Betsys MČR v online bleskovém šachu 2021"]
[Site "Chess.com"]
[Date "2021.04.17"]
[Round "12"]
[White "WhiteLittleHorse"]
[Black "DominikS3"]
[Result "0-1"]
[WhiteElo "970"]
[BlackElo "1343"]
[TimeControl "180+1"]
[EndTime "11:01:12 PDT"]
[Termination "Uživatel DominikS3 zvítězil na čas"]

1. e4 c6 2. Nf3 d5 3. exd5 cxd5 4. d4 Nc6 5. Bf4 Bf5 6. Nc3 e6 7. a3 Nf6 8. Bb5 a6 9. Ba4 b5 10. Bb3 Rc8 11. Be5 Nxe5 12. Nxe5 Bd6 13. O-O O-O 14. f4 Qb6 15. a4 b4 16. a5 Qa7 17.
Na4 Rfd8 18. Nb6 Rc7 19. Qd2 Ne4 20. Qe3 Bxe5 21. fxe5 Bg6 22. Rfe1 Rc6 23. Ba4 Rxb6 24. axb6 Qxb6 25. Bb3 Rc8 26. Rec1 a5 27. c3 bxc3 28. bxc3 Qxb3 29. Rxa5 h6 30. h3 Rxc3 31. Ra8+ Kh7 32. Rxc3 Qxc3 33. Qxc3 Nxc3 34. Rc8 Ne2+ 35. Kh2 Nxd4 36.
Rc3 Nb5 0-1